 Dungeon Crawl Stone Soup version 0.21.1-1-g345015f (webtiles) character file.

164 teukkam the Ruffian (level 5, -5/54 HPs)
             Began as a Troll Monk on June 26, 2018.
             Slain by an orc wizard
             ... wielding a +1 dagger of electrocution
              (17 damage)
             ... on level 6 of the Dungeon.
             The game lasted 00:02:24 (464 turns).

teukkam the Ruffian (Troll Monk)                     Turns: 464, Time: 00:02:25

Health: -5/54      AC:  5    Str: 20    XL:     5   Next: 21%
Magic:  4/4        EV: 10    Int:  6    God:
Gold:   66         SH:  0    Dex: 12    Spells: 4/4 levels left

rFire    . . .     SeeInvis .     - Unarmed
rCold    . . .     Gourm    +   (no shield)
rNeg     . . .     Faith    .   a - +0 robe
rPois    .         Spirit   .   (helmet restricted)
rElec    .         Reflect  .   (no cloak)
rCorr    .         Harm     .   (gloves unavailable)
MR       .....                  (boots unavailable)
Stlth    ++........             (no amulet)
HPRegen  0.58/turn              (no ring)
MPRegen  0.09/turn              (no ring)

@: no status effects
A: large, unfitting armour, claws 3, fast metabolism 3, gourmand, regeneration
1, shaggy fur 1, tough skin 2
a: no special abilities


You were on level 6 of the Dungeon.
You were very full.

You visited 1 branch of the dungeon, and saw 7 of its levels.

You collected 66 gold pieces.

Inventory:

Hand Weapons
 e - a +0 short sword of flaming
Missiles
 h - 14 poisoned needles
Armour
 a - a +0 robe (worn)
Scrolls
 c - 3 scrolls of remove curse {unknown}
 d - 2 scrolls of identify {unknown}
Potions
 f - a potion of curing {unknown}
 g - a potion of flight {unknown}
Comestibles
 b - 3 rations


   Skills:
 + Level 3.8 Fighting
 - Level 2.4 Dodging
 - Level 1.0 Stealth
 + Level 4.7 Unarmed Combat


You had 4 spell levels left.
You didn't know any spells.

Dungeon Overview and Level Annotations

Branches:
Dungeon (7/15)
 Temple: D:4-7

Altars:
Qazlal

Annotations:
D:4 Blork the orc


Innate Abilities, Weirdness & Mutations

You are too large for most types of armour.
You have claws for hands.
Your metabolism is lightning-fast.
You like to eat raw meat.
Your natural rate of healing is unusually fast.
You are covered in fur. (AC +1)
You have very tough skin. (AC +2)


Message History

You barely miss the orc.
The orc wizard gestures wildly while chanting.
The orc wizard blinks!
The orc closely misses you.
You scratch the orc.
The orc is lightly wounded.
The orc wizard mumbles some strange words.
The orc wizard blinks!
The orc hits you with a club. The orc hits you.
The orc wizard closely misses you.
You claw the orc!
You kill the orc!
The orc hits you with a club.
The orc wizard hits you but does no damage.
The orc wizard hits you with a dagger of electrocution.
The orc hits you but does no damage.
You barely miss the orc.
You feel yourself speed up.
The orc wizard hits you with a dagger of electrocution.
* * * LOW HITPOINT WARNING * * *
You are electrocuted!
You die...

#. ......# #$ #......#
##.##......#
...%#......#####
...#..........# #+#.
...... .............# ....
.....# #o..........#
..........##.#@[.........#
..... .....#.##o.........#
......#....#.##....#######
......#......(..>..#######
........†................#
##.......o..........#
#<..................#
##........)...#######
###..........##


You could see an orc wizard and an orc.

Vanquished Creatures
  A scorpion (D:5)
  A hound (D:4)
  Terence (D:3)
  A worker ant (D:4)
  2 gnolls (D:2)
  A worm (D:2)
  A leopard gecko (D:2)
  2 orcs
  4 giant cockroaches
  A hobgoblin (D:2)
  A bat (D:2)
  2 frilled lizards
  A leopard gecko skeleton (D:4)
  A rat (D:3)
20 creatures vanquished.

Notes
Turn   | Place    | Note
-------+----------+-------------------------------------------
     0 | D:1      | teukkam the Troll Monk began the quest for the Orb.
     0 | D:1      | Reached XP level 1. HP: 22/22 MP: 0/0
    19 | D:2      | Reached XP level 2. HP: 29/29 MP: 1/1
    75 | D:3      | Reached XP level 3. HP: 37/37 MP: 2/2
    96 | D:3      | Noticed Terence
   106 | D:3      | Killed Terence
   130 | D:3      | Reached skill level 4 in Unarmed Combat
   147 | D:4      | Reached XP level 4. HP: 40/45 MP: 3/3
   252 | D:4      | Noticed Blork the orc
   296 | D:5      | Entered Level 5 of the Dungeon
   339 | D:5      | Reached XP level 5. HP: 37/54 MP: 4/4
   406 | D:6      | Found a stormy altar of Qazlal.
   455 | D:7      | Noticed a hippogriff
   455 | D:7      | Noticed an orc warrior
   464 | D:6      | Slain by an orc wizard

Skill      XL: |  1  2  3 |
---------------+----------+-----
Fighting       | 3 |  3.8
Unarmed Combat | 4 |  4.7
Dodging        | |  2.4
Stealth        | |  1.0

Action                   |  1- 3 |  4- 6 || total
-------------------------+-------+-------++-------
Melee: Unarmed           |    29 |    29 ||    58
       Punch             |     2 |       ||     2
 Stab: Sleeping          |     1 |     1 ||     2
  Eat: Chunk             |     5 |     4 ||     9
Armor: Robe              |    16 |     8 ||    24
Dodge: Dodged            |    11 |    20 ||    31
